 Dungeon Sprint DCSS version 0.20.1-1-g8b1a95d (webtiles) character file.

107 potatolord6000 the Shield-Bearer (level 4, -24/44 HPs)
             Began as a Deep Dwarf Fighter on Aug 25, 2017.
             Killed from afar by a deep elf mage (31 damage)
             ... with a bolt of lightning
             ... in the Dungeon (Sprint III: "The Ten Rune Challenge").
             The game lasted 00:02:22 (169 turns).

potatolord6000 the Shield-Bearer (DDFi)              Turns: 169, Time: 00:02:23

Health: -24/44     AC:  9    Str: 25    XL:     4   Next: 56%
Magic:  5/7        EV:  8    Int:  7    God:
Gold:   28         SH: 11    Dex: 16    Spells: 8/8 levels left

rFire    . . .     SeeInvis .   a - +0 long sword
rCold    . . .     Gourm    .   c - +0 shield
rNeg     . . .     Faith    .   b - +0 scale mail
rPois    .         Spirit   .   (helmet restricted)
rElec    .         Reflect  .   l - +1 cloak {MR+}
rCorr    .         Harm     .   (no gloves)
MR       +....     NoTele   +   (no boots)
Stlth    ++........             (no amulet)
Regen    0.0/turn               (no ring)
MPRegen  0.1/turn               (no ring)

@: mighty, non-regenerating, hasted, very quick
A: damage resistance, heal wounds, horns 1, thin skeletal structure 1, agile 1,
dopey 1, sense surroundings 1, no regeneration
a: Heal Wounds


You were in the Dungeon.
You were not hungry.

You visited 1 branch You collected 28 gold pieces.

Inventory:

Hand Weapons
 a - a +0 long sword (weapon)
Armour
 b - a +0 scale mail (worn)
 c - a +0 shield (worn)
 l - a +1 cloak of magic resistance (worn)
Scrolls
 k - a scroll of blinking
 n - a scroll of immolation {unknown}
 o - 3 scrolls of identify
 p - a scroll of remove curse {unknown}
 r - a scroll of torment {unknown}
 s - a scroll of fog {unknown}
Potions
 e - a potion of curing
 g - a potion of heal wounds
 i - 3 potions of magic
 j - a potion of berserk rage
 q - 2 potions of flight
 u - a potion of agility {unknown}
Comestibles
 f - 2 bread rations
 t - a royal jelly


   Skills:
 + Level 4.2 Fighting
 + Level 4.3 Long Blades
 + Level 5.0 Armour
 + Level 4.4 Stealth
 + Level 5.2 Shields
 + Level 2.7 Spellcasting


You had 8 spell levels left.
You didn't know any spells.

Dungeon Overview and Level Annotations

Branches:
Dungeon (1/1)

Altars:
Elyvilon
Zin
The Shining One


Innate Abilities, Weirdness & Mutations

You are resistant to damage.
You can heal yourself by infusing magical energy.
You passively map a small area around you.
You do not regenerate.
You have a pair of small horns on your head.
You have a somewhat thin skeletal structure. (Dex +2, Stealth)
You are agile. (Dex +2)
You are dopey. (Int -2)


Message History

You gasp with relief as air once again reaches your lungs.
There is an open door to the Ecumenical Temple here.
There is a fountain of clear blue water here.
You open the door.
Found three altars.
A deep elf mage comes into view.
It is wielding a long sword of holy wrath.
Found a potion of curing.
There is an open door here.
The deep elf mage shouts!
You slash the deep elf mage! Your headbutt misses the deep elf mage.
The deep elf mage is moderately wounded.
The deep elf mage gestures wildly while chanting.
The deep elf mage blinks!
The deep elf mage gestures at you while chanting.
The bolt of lightning hits you!
Ouch! That really hurt!
* * * LOW HITPOINT WARNING * * *
The bolt of lightning hits you!
Ouch! That really hurt!
You die...

▓▓▓▓▓▓▓ ▓▓▓ .'....♣
♣.#####* * * .#....♣♣
♣♣.#___# * ##.....♣
..#!.@# _ ,_ .#....≈♣♣♣
♣.###'#+###+# , ,
.#)..≈≈..♣ ♣.#..e.......
, ,
(#..≈≈≈≈.♣♣♣.'.⌠........
*
'#..≈≈≈≈≈≈.♣.#...######+
†#.≈≈≈≈≈≈....#.⌠.# _
.#.≈≈≈≈≈.....#...# *
.#.≈≈≈.......#+### _ , *
##...........#, _ , * ,


You could see a deep elf mage.

Vanquished Creatures
  A water elemental (D)
  Crazy Yiuf (D)
  A human (D)
  4 rats (D)
7 creatures vanquished.

Vanquished Creatures (others)
  5 hellions (D)
  2 plants (D)
7 creatures vanquished.

Grand Total: 14 creatures vanquished

Notes
Turn   | Place    | Note
-------+----------+-------------------------------------------
     0 | D        | potatolord6000 the Deep Dwarf Fighter began the quest for the Orb.
     0 | D        | Reached XP level 1. HP: 20/20 MP: 1/1
    22 | D        | Reached skill level 1 in Stealth
    77 | D        | Reached skill level 1 in Spellcasting
    77 | D        | Reached XP level 2. HP: 21/28 MP: 2/4
    85 | D        | Noticed Crazy Yiuf
    96 | D        | Killed Crazy Yiuf
    96 | D        | Reached XP level 3. HP: 30/36 MP: 3/5
   104 | D        | Killed a hellion
   108 | D        | Killed a hellion
   110 | D        | Killed a hellion
   110 | D        | Killed a hellion
   126 | D        | Killed a hellion
   135 | D        | Gained mutation: You are dopey. (Int -2) [potion of mutation]
   135 | D        | Gained mutation: You are agile. (Dex +2) [potion of mutation]
   135 | D        | Gained mutation: You have a pair of small horns on your head. [potion of mutation]
   135 | D        | Gained mutation: You have a somewhat thin skeletal structure. (Dex +2, Stealth) [potion of mutation]
   154 | D        | Noticed a water elemental
   158 | D        | Killed a water elemental
   158 | D        | Reached skill level 5 in Armour
   158 | D        | Reached skill level 5 in Shields
   158 | D        | Reached XP level 4. HP: 34/44 MP: 5/7
   164 | D        | Found a glowing silver altar of Zin.
   164 | D        | Found a glowing golden altar of the Shining One.
   164 | D        | Found a white marble altar of Elyvilon.
   165 | D        | Noticed a deep elf mage
   169 | D        | Killed from afar by a deep elf mage

Skill      XL: |  1  2  3 |
---------------+----------+-----
Stealth        | 2 3 4 |  4.4
Fighting       | 3 4 |  4.2
Long Blades    | 3 4 |  4.3
Shields        | 4 5 |  5.2
Spellcasting   | 1 2 |  2.7
Armour         | 4 5 |  5.0

Action                   |  1- 3 |  4- 6 || total
-------------------------+-------+-------++-------
Melee: Long sword        |    46 |     1 ||    47
       Headbutt          |     1 |       ||     1
 Abil: Heal Wounds       |     4 |       ||     4
  Use: Potion            |     4 |       ||     4
Armor: Scale mail        |    23 |       ||    23
Dodge: Dodged            |    13 |       ||    13
Block: Shield            |    20 |       ||    20
       Rpst.: Long sword |     3 |       ||     3
